Map: Abyssal Reef LE

Players

Lambo - Winner!

  • Race: Zerg Zerg
  • Spawn Location: 5:00

PandaBearMe

  • Race: Zerg Zerg
  • Spawn Location: 11:00

Event: WCS Austin 2017

VOD

Have the link to the VOD?

Description

Time

  • Played on: April 28, 2017, 2:46 p.m.
  • Length: 13:31

All games in this series

Show
View Real Time Build Order
Export as new Build Order

Lambo Zerg - Winner!

Build Orders: Hatch First, Zergling Baneling 

Get SALT Encoding   

  12  0:00  Drone  
  13  0:12  Overlord  
  13  0:18  Drone  
  14  0:30  Drone  
  14  0:31  Drone  
  14  0:34  Drone  
  17  0:52  Hatchery  
  17  0:54  Drone  
  17  0:58  Drone  
  18  1:08  Extractor  
  17  1:12  Spawning Pool  
  17  1:15  Drone  
  17  1:19  Drone  
  18  1:27  Drone  
  19  1:39  Overlord  
  19  1:59  Queen, Zergling x2  
  19  2:00  Zergling x2  
  23  2:03  Queen  
  23  2:04  Zergling x2  
  23  2:08  Metabolic Boost  
  26  2:11  Drone  
  26  2:14  Drone  
  28  2:23  Drone  
  28  2:25  Drone  
  30  2:39  Hatchery  
  30  2:42  Drone  
  30  2:47  Baneling Nest  
  30  2:48  Zergling x2  
  30  2:53  Zergling x2  
  30  2:56  Overlord  
  31  3:00  Drone  
  30  3:06  Drone x2  
  31  3:13  Zergling x6  
  31  3:17  Zergling x4  
  36  3:23  Zergling x4  
  38  3:28  Overlord  
  38  3:30  Zergling x2  
  38  3:33  Baneling x3  
  38  3:34  Baneling  
  39  3:37  Baneling  
  39  3:40  Zergling x2  
  40  3:44  Drone x2  
  42  3:53  Drone x2  
  42  3:55  Drone x2  
  45  3:59  Drone x2  
  45  4:04  Drone x3  
  45  4:07  Baneling  
  45  4:08  Baneling  
  47  4:12  Queen  
  47  4:14  Zergling x4  
  51  4:19  Baneling  
  51  4:20  Queen  
  51  4:25  Zergling x4  
  51  4:26  Baneling  
  53  4:34  Zergling x4  
  53  4:35  Zergling x4  
  56  4:41  Zergling x6  
  56  4:45  Zergling x8  
  57  4:48  Overlord  
  57  4:51  Zergling x4  
  57  4:55  Zergling x2  
  57  4:56  Zergling x2  
  53  5:00  Queen, Zergling x2  
  53  5:06  Baneling  
  53  5:07  Zergling x4  
  50  5:11  Zergling x2  
  47  5:15  Zergling x2  
  47  5:18  Baneling x2  
  47  5:20  Queen  
  49  5:23  Zergling x4  
  49  5:27  Zergling x6  
  54  5:31  Baneling  
  54  5:35  Drone x4  
  57  5:39  Extractor  
  57  5:43  Drone  
  57  5:44  Drone, Roach Warren  
  57  5:47  Baneling x2  
  58  5:50  Drone  
  58  5:51  Evolution Chamber  
  58  5:52  Extractor  
  57  5:58  Drone x2  
  57  6:10  Drone x4  
  53  6:22  Queen  
  53  6:24  Overlord  
  53  6:25  Roach x4, Zergling x4, Spine Crawler  
  59  6:26  Zergling x2  
  59  6:28  Roach  
  59  6:32  Queen  
  66  6:36  Overlord  
  65  6:40  Overlord  
  65  6:43  Overlord  
  65  6:45  Roach  
  67  6:48  Roach x2  
  67  6:50  Roach  
  73  6:54  Roach  
  73  6:56  Zergling x6  
  78  7:03  Roach  
  78  7:04  Roach, Zergling x4  
  83  7:12  Roach x2  
  83  7:14  Queen  
  79  7:16  Roach  
  79  7:18  Queen  
  79  7:20  Zergling x2  
  79  7:22  Zergling x2  
  77  7:26  Roach, Zergling x2  
  77  7:29  Roach, Zergling x2  
  68  7:33  Roach  
  68  7:36  Roach  
  68  7:50  Zerg Missile Weapons Level 1  
  68  7:51  Lair  
  67  7:52  Roach x3  
  72  8:00  Roach x2  
  76  8:09  Hatchery  
  75  8:13  Roach x2  
  75  8:14  Drone x2  
  75  8:17  Extractor  
  75  8:18  Drone x2  
  82  8:26  Drone x3  
  84  8:27  Drone x2  
  84  8:32  Drone x2  
  87  8:43  Drone x4  
  87  8:46  Evolution Chamber  
  87  8:47  Roach  
  92  8:50  Glial Reconstitution  
  92  8:53  Overlord  
  92  8:57  Overlord  
  92  9:01  Overlord  
  92  9:07  Overlord  
  92  9:11  Roach  
  92  9:12  Roach x2  
  92  9:13  Ravager  
  92  9:14  Ravager  
  92  9:16  Ravager x2  
  102  9:18  Roach  
  102  9:20  Roach  
  106  9:25  Zerg Ground Armor Level 1  
  106  9:28  Roach  
  106  9:30  Ravager  
  109  9:31  Roach  
  109  9:36  Roach x2  
  117  9:38  Roach  
  117  9:43  Roach x2  
  121  9:48  Roach x3  
  121  9:50  Roach  
  129  9:54  Overlord  
  129  9:55  Overlord  
  129  9:56  Ravager  
  127  10:09  Roach  
  127  10:10  Zerg Missile Weapons Level 2  
  127  10:12  Overlord  
  129  10:15  Roach x3  
  129  10:19  Roach  
  129  10:20  Roach  
  139  10:24  Roach x2  
  145  10:28  Roach  
  145  10:32  Overlord  
  145  10:33  Overseer  
  145  10:36  Overlord x2  
  145  10:42  Overseer  
  145  10:43  Overlord  
  145  10:45  Overlord  
  143  10:50  Overlord  
  143  10:51  Roach x5  
  143  10:54  Overlord  
  146  10:57  Overlord  
  146  11:00  Roach  
  144  11:06  Roach x3  
  144  11:10  Roach x2  
  152  11:16  Roach x2  
  144  11:26  Roach x4  
  144  11:32  Roach x2  
  156  11:37  Roach  
  158  11:43  Roach x2  
  164  11:47  Roach x2  
  164  11:50  Roach  
  164  11:54  Roach x2  
  172  12:00  Queen  
  174  12:01  Roach  
  174  12:02  Roach x2  
  180  12:11  Roach x3  
  179  12:16  Roach x2  
  179  12:22  Roach x2  
  183  12:30  Roach x2  
  183  12:36  Roach x2  
  191  12:48  Roach x4  
  199  12:57  Overlord  
Show
View Real Time Build Order
Export as new Build Order

PandaBearMe Zerg 

Build Orders: Hatch First, Zergling Baneling 

Get SALT Encoding   

  12  0:02  Drone  
  13  0:12  Overlord  
  13  0:18  Drone  
  14  0:31  Drone x2  
  16  0:49  Hatchery  
  15  0:52  Drone  
  16  0:58  Drone  
  16  0:59  Drone  
  16  1:03  Extractor  
  17  1:17  Spawning Pool  
  16  1:19  Drone  
  16  1:22  Drone  
  18  1:28  Drone  
  19  1:40  Overlord  
  19  1:50  Drone  
  20  2:03  Queen x2, Metabolic Boost  
  20  2:07  Zergling x2  
  25  2:10  Zergling x2  
  25  2:14  Drone  
  27  2:18  Drone  
  28  2:23  Drone  
  28  2:24  Drone  
  30  2:34  Baneling Nest  
  30  2:36  Zergling x2  
  30  2:37  Drone  
  31  2:44  Drone  
  32  2:46  Drone  
  33  3:04  Hatchery  
  30  3:07  Drone  
  30  3:10  Zergling x8  
  35  3:17  Zergling x2  
  36  3:20  Overlord  
  36  3:24  Baneling x2  
  36  3:27  Overlord  
  36  3:32  Baneling  
  36  3:33  Baneling  
  36  3:43  Zergling x8  
  36  3:44  Zergling x8  
  36  3:46  Zergling x2  
  45  3:53  Overlord  
  45  3:54  Zergling x2  
  42  4:07  Zergling x4  
  42  4:09  Baneling  
  44  4:10  Baneling x4  
  44  4:11  Zergling x2  
  44  4:13  Zergling x2  
  44  4:19  Zergling x4  
  45  4:27  Drone x4  
  45  4:30  Zergling x2  
  48  4:42  Drone x2  
  45  4:53  Drone x2  
  45  4:55  Drone  
  45  4:58  Drone  
  45  4:59  Drone x2  
  49  5:06  Zergling x4  
  49  5:08  Zergling x4  
  49  5:10  Queen  
  49  5:13  Zergling x2, Roach Warren  
  49  5:14  Extractor  
  49  5:19  Zergling x6  
  51  5:27  Drone  
  51  5:28  Baneling x4  
  52  5:33  Overlord  
  52  5:35  Zergling x2  
  53  5:54  Baneling x3  
  53  5:57  Roach x2  
  53  5:58  Roach x6  
  53  6:01  Roach  
  53  6:02  Overlord  
  66  6:05  Roach  
  66  6:07  Overlord  
  66  6:11  Overlord, Roach  
  66  6:21  Zergling x6  
  66  6:24  Zergling x2  
  66  6:25  Zergling x8  
  74  6:26  Zergling x2  
  74  6:29  Zergling x2  
  74  6:32  Zergling x2  
  77  6:37  Zergling x2  
  77  6:38  Overlord  
  77  6:39  Zergling x2  
  77  6:40  Zergling x2  
  77  6:42  Zergling x4  
  77  6:44  Zergling x2  
  77  6:46  Zergling x2  
  81  6:48  Zergling x2  
  81  6:53  Lair  
  82  6:57  Evolution Chamber  
  82  6:59  Baneling  
  82  7:00  Baneling x2  
  69  7:18  Drone  
  69  7:19  Drone x10  
  74  7:28  Zergling x4  
  74  7:29  Zergling x2  
  76  7:31  Zergling x2  
  76  7:33  Zerg Missile Weapons Level 1  
  76  7:36  Drone  
  76  7:37  Drone  
  76  7:45  Ravager  
  76  7:49  Drone x2  
  76  7:50  Drone  
  74  7:52  Glial Reconstitution, Extractor  
  74  7:54  Drone  
  74  7:55  Drone, Roach  
  74  7:56  Zergling x4  
  79  8:08  Drone x2  
  79  8:09  Drone x2  
  79  8:11  Extractor  
  79  8:12  Roach x2  
  86  8:18  Drone x3, Overlord  
  86  8:19  Roach x3  
  94  8:21  Overseer  
  91  8:39  Roach x8  
  107  8:42  Roach x2  
  107  8:46  Overlord  
  111  8:50  Overlord  
  111  8:51  Drone x2  
  111  8:54  Extractor  
  112  8:58  Extractor  
  112  9:02  Burrow  
  111  9:05  Drone x2  
  111  9:06  Drone  
  114  9:10  Overlord  
  114  9:11  Tunneling Claws, Roach x3  
  114  9:13  Roach  
  122  9:22  Roach x3  
  122  9:23  Roach  
  130  9:30  Zerg Missile Weapons Level 2  
  130  9:44  Overlord  
  130  9:45  Roach x4  
  138  9:50  Overlord x2  
  138  9:59  Hatchery  
  133  10:09  Roach x9  
  133  10:11  Ravager  
  133  10:12  Ravager x2  
  133  10:13  Ravager  
  133  10:14  Ravager  
  152  10:24  Roach  
  152  10:25  Roach x4  
  152  10:26  Roach x3  
  152  10:27  Roach x4  
  162  10:30  Overlord  
  162  10:33  Overlord  
  162  10:49  Roach  
  170  10:50  Roach x3, Overlord  
  170  10:53  Roach x4  
  170  11:08  Infestation Pit, Roach x4  
  170  11:09  Drone x8  
  170  11:10  Drone  
  155  11:27  Roach x8  
  165  11:37  Ravager x2  
  167  11:42  Ravager x2  
  167  11:43  Ravager  
  170  11:47  Infestor x3  
  170  11:50  Drone, Extractor  
  170  11:51  Extractor  
  170  11:52  Overlord  
  170  11:53  Roach x4  
  175  11:57  Drone  
  175  11:59  Roach  
  175  12:00  Overlord x2  
  175  12:01  Overlord, Roach  
  176  12:08  Overlord  
  176  12:09  Overlord  
  166  12:22  Roach x14  
  192  12:31  Infestor x2  
  192  12:32  Roach  
  196  12:41  Roach x2  
  196  12:42  Roach  
  196  12:43  Overlord x2  
  200  12:45  Overlord  
  196  12:55  Roach x2  
  192  13:05  Ravager  
  192  13:06  Ravager x6  
  137  13:29  Unknown x2  
Tags
 
Add a new tag
Caveats
  • Supply blocks, unpowered buildings, or Contaminate may cause inaccurate times.
  • Supply counts are checked every 10 seconds.